 Dungeon Crawl Stone Soup version 0.31.0-12-g77e489cdc1 (webtiles) character file.

Game seed: 7336393024093934654

1177 DildoBatman the Conjurer (level 8, 0/54 (61) HPs)
             Began as a Formicid Conjurer on Feb 16, 2024.
             Slain by a wight
             ... wielding a +3 spear
              (8 damage)
             ... on level 7 of the Dungeon.
             The game lasted 00:15:43 (6285 turns).

DildoBatman the Conjurer (Formicid Conjurer)        Turns: 6285, Time: 00:15:43

HP:   0/54 (61)     AC:  5    Str: 12    XL:     8   Next: 69%
MP:   15/15         EV: 12    Int: 20    God:
Gold: 116           SH:  0    Dex: 12    Spells: 11/16 levels left

rFire   x . .        a - +4 dagger (venom)
rCold   . . .        (no shield)
rNeg    . . .        j - +0 robe
rPois   .            (helmet unavailable)
rElec   .            e - +0 cloak
rCorr   +            m - +0 pair of gloves
SInv    +            t - +0 pair of boots
Will    .....        x - amulet of the acrobat
Stlth   ++           y - ring of resist corrosion
HPRegen 0.29/turn    (no ring)
MPRegen 0.14/turn

%: acrobat
@: studying Maces & Flails, heavily drained
A: permanent stasis, dig shafts and tunnels, antennae 3, four strong arms,
deformed body, heat vulnerability 1
a: Dig, Shaft Self


You were on level 7 of the Dungeon.
You visited 2 branches of the dungeon, and saw 8 of its levels.

You collected 360 gold pieces.
You spent 244 gold pieces at shops.

Inventory:

Hand Weapons
 a - a +4 dagger of venom (weapon)
 i - a +0 sling
Missiles
 d - 26 stones
 g - 7 poisoned darts
 h - 6 javelins
Armour
 e - a +0 cloak (worn)
 j - a +0 robe (worn)
 m - a +0 pair of gloves (worn)
 t - a +0 pair of boots (worn)
 B - a +0 ring mail of fire resistance
 C - a +1 leather armour of cold resistance
Jewellery
 x - an amulet of the acrobat (around neck)
 y - a ring of resist corrosion (left hand)
 E - a +4 ring of protection
Wands
 n - a wand of polymorph (8)
 z - a wand of mindburst (12)
Scrolls
 o - a scroll of enchant armour
 q - a scroll of immolation
 r - 3 scrolls of poison
 s - a scroll of vulnerability
 w - a scroll of enchant weapon {unknown}
 A - a scroll of silence {unknown}
 D - a scroll of fog {unknown}
 F - a scroll of identify
Potions
 b - 2 potions of magic
 c - 2 potions of might {unknown}
 f - 2 potions of degeneration {unknown}
 k - 4 potions of curing
 l - 2 potions of enlightenment {unknown}
 p - a potion of attraction
 u - a potion of resistance {unknown}
 v - 2 potions of heal wounds


   Skills:
 + Level 4.7 Fighting
 + Level 4.7 Armour
 - Level 3.0 Dodging
 - Level 4.0 Stealth
 + Level 4.9 Spellcasting
 + Level 5.5 Conjurations


You had 11 spell levels left.
You knew the following spells:

 Your Spells              Type           Power      Damage    Failure   Level
a - Searing Ray           Conj           54%        2d6       1%          2
c - Magic Dart            Conj           100%       1d8       1%          1
z - Sublimation of Blood  Necr           4%         N/A       19%         2

Your spell library contained the following spells:

 Spells                   Type           Power      Damage    Failure   Level
 Momentum Strike          Conj/Tloc      30%        3d8       6%          2
 Static Discharge         Conj/Air       30%        3-5/arc   6%          2
 Apportation              Tloc           8%         N/A       12%         1
 Call Imp                 Summ           8%         N/A       19%         2
 Jinxbite                 Hex            8%         N/A       19%         2
 Lesser Beckoning         Tloc           8%         N/A       19%         2
 Tukima's Dance           Hex            4%         N/A       34%         3
 Fulminant Prism          Conj/Alch      7%         3d6       36%         4
 Iskenderun's Mystic Bla  Conj/Tloc      15%        2d5       36%         4
 Airstrike                Air            2%         2d(1-17)  75%         4
 Passage of Golubria      Tloc           4%         N/A       75%         4
 Summon Lightning Spire   Summ/Air       4%         N/A       75%         4
 Alistair's Intoxication  Alch           2%         N/A       97%         5
 Yara's Violent Unravell  Hex/Alch       2%         3d3       97%         5
 Summon Hydra             Summ           2%         N/A       100%        7
 Blink                    Tloc           Unusable   N/A       N/A         2

Dungeon Overview and Level Annotations

Branches:
Dungeon (7/15)             Temple (1/1) D:5

Altars:
Ashenzari
Dithmenos
Elyvilon
Fedhas
Gozag
Hepliaklqana
Makhleb
Nemelex Xobeh
Okawaru
Ru
Sif Muna
Trog
Uskayaw
Vehumet
Wu Jian
Yredelemnul
Zin
The Shining One

Shops:
D:3 *   D:6 *   D:7 :

Annotations:
D:2 1 runed translucent door, exclusion: 4 sensed monsters (detected), Crazy Yiuf
D:5 exclusion: phantom
D:7 exclusions: bullfrog, centaur, sensed monster (detected), 2 water moccasins and wight, Menkaure


Innate Abilities, Weirdness & Mutations

You cannot be hasted, slowed, berserked, paralysed or teleported.
You can dig through walls and to a lower floor.
You have a pair of large antennae on your head. (SInv)
Your four strong arms can wield two-handed weapons with a shield.
Armour fits poorly on your strangely shaped body.
You are vulnerable to heat. (rF-)


Message History

The wight hits you with a +3 spear!
You feel drained. The wight barely misses you. What are your orders? t - Shout!
Orders for allies: a - Attack new target. r - Retreat! s - Stop attacking. g - Guard the area. f - Follow me.
Anything else - Cancel.
You shout for attention!
The wight hits you with a +3 spear. The wight hits you with a +2 hand axe!
What are your orders? t - Shout!
Orders for allies: a - Attack new target. r - Retreat! s - Stop attacking. g - Guard the area. f - Follow me.
Anything else - Cancel.
You shout for attention!
The wight barely misses you. The wight hits you but does no damage.
What are your orders? t - Shout!
Orders for allies: a - Attack new target. r - Retreat! s - Stop attacking. g - Guard the area. f - Follow me.
Anything else - Cancel.
You shout for attention!
The wight misses you. The wight hits you with a +2 hand axe!
You feel drained. What are your orders? t - Shout!
Orders for allies: a - Attack new target. r - Retreat! s - Stop attacking. g - Guard the area. f - Follow me.
Anything else - Cancel.
You shout for attention!
The wight hits you with a +3 spear!
You die...

#.........
#####..... #.....
#..### #..###
#..... ###########
#.....
#.........#####....
#z@######.#.....#.#
#z## #.#........ #z
#.#.#####.# #z
#......##.. #.
#.#.##..... #.
#.#.#####..
#.#######)#.# #..
#.........#.### ###
#####.........# #


You could see 4 wights.

Vanquished Creatures
  An orc warrior (D:7)
  2 black bears (D:6)
  An ice beast (D:6)
  An ogre (D:6)
  3 centaurs
  A wight (D:7)
  A bombardier beetle (D:4)
  4 hounds
  An orc priest (D:7)
  A sleepcap (D:6)
  An iguana (D:6)
  An orc wizard (D:3)
  3 gnolls (D:6)
  3 adders
  A shadow imp (D:7)
  2 ufetubi (D:6)
  2 ribbon worms (D:3)
  3 dart slugs
  16 orcs
  10 ball pythons
  7 bats
  2 endoplasms
  5 giant cockroaches
  7 goblins
  12 hobgoblins
  4 jackals
  7 kobolds
  3 frilled lizards
  3 rats
108 creatures vanquished.

Notes
Turn   | Place    | Note
-------+----------+-------------------------------------------
     0 | D:1      | DildoBatman the Formicid Conjurer began the quest for the
                  | Orb.
     0 | D:1      | Reached XP level 1. HP: 13/13 MP: 3/3
   151 | D:1      | Reached XP level 2. HP: 20/20 MP: 5/5
   154 | D:1      | Learned a level 2 spell: Searing Ray
   536 | D:1      | Learned a level 2 spell: Sublimation of Blood
   753 | D:2      | Reached XP level 3. HP: 21/25 MP: 3/6
   828 | D:2      | Found a runed translucent door.
   829 | D:2      | Noticed Crazy Yiuf
   911 | D:2      | Reached skill level 1 in Fighting
   911 | D:2      | Reached skill level 1 in Armour
  1254 | D:2      | Found a faded altar of an unknown god.
  1374 | D:2      | Reached XP level 4. HP: 32/32 MP: 0/7
  2027 | D:3      | Reached skill level 4 in Conjurations
  2027 | D:3      | Reached XP level 5. HP: 23/37 MP: 5/9
  2099 | D:3      | Found Ujais's Assorted Antiques.
  2117 | D:3      | Bought a puce potion for 20 gold pieces
  2117 | D:3      | Bought a scroll labelled XYAPIXZEHYU for 23 gold pieces
  2117 | D:3      | Bought 3 scrolls labelled PAAPAS YDGHOE for 69 gold pieces
  2117 | D:3      | Bought a murky inky potion for 20 gold pieces
  3047 | D:4      | Reached XP level 6. HP: 44/44 MP: 10/10
  3342 | D:5      | Entered Level 5 of the Dungeon
  3361 | D:5      | Found a staircase to the Ecumenical Temple.
  3371 | Temple   | Entered the Ecumenical Temple
  3479 | D:5      | Found a glowing golden altar of the Shining One.
  3750 | D:5      | Found a hide-covered altar of Uskayaw.
  3801 | D:6      | Found Yfotsyosh's General Store.
  3946 | D:6      | Reached XP level 7. HP: 19/51 MP: 10/12
  4261 | D:6      | Bought a potion of mutation for 112 gold pieces
  4261 | D:6      | Gained mutation: You are vulnerable to heat. (rF-) [potion
                  | of mutation]
  4261 | D:6      | Gained mutation: Armour fits poorly on your strangely
                  | shaped body. [potion of mutation]
  4265 | D:6      | Found a basalt altar of Yredelemnul.
  4784 | D:6      | Reached skill level 5 in Conjurations
  4784 | D:6      | Reached XP level 8. HP: 60/60 MP: 5/14
  5256 | D:7      | Noticed Menkaure
  5452 | D:7      | Found Hoitturr's Book Emporium.
  6174 | D:7      | Found a sacrificial altar of Ru.
  6285 | D:7      | Slain by a wight

Illustrated notes

Levels and vault maps discovered:
D:1:      evilmike_arrival_rings, layout_loops_ring
D:2:      layout_basic, ebering_ecumenical_altar_box, moated_statue,
          uniq_crazy_yiuf_cottage, uniq_robin
D:3:      layout_rooms, serial_shops, nicolae_shop_pleasant_corner_grove
D:4:      layout_basic, chequers_serial_rivers_small_b
D:5:      layout_cave_pools, nicolae_uskayaw_suspiria,
          mainiacjoe_overflow_surrounded_room, minmay_temple_entry_overgrown,
          minmay_small_thing
D:6:      layout_basic, mainiacjoe_overflow_six_doors_small, serial_shops,
          nicolae_diamond_shop
D:7:      layout_loops_ring, nicolae_ru_path_of_blood, serial_shops,
          nicolae_take_the_stairs, uniq_menkaure
Temple:   zaba_magenta_temple

Skill      XL: |  1  2  3  4  5  6  7  8 |
---------------+-------------------------+-----
Dodging        | 2 3 |  3.0
Fighting       | 1 2 3 4 |  4.7
Armour         | 1 2 3 4 |  4.7
Stealth        | 3 4 |  4.0
Conjurations   | 4 5 |  5.5
Spellcasting   | 3 4 |  4.9

Action                     |  1- 3 |  4- 6 |  7- 9 || total
---------------------------+-------+-------+-------++-------
  Melee: Dagger            |    55 |    97 |    29 ||   181
         Punch             |       |     1 |       ||     1
   Cast: Magic Dart        |    20 |    33 |    22 ||    75
         Searing Ray       |       |     6 |    14 ||    20
Ability: Dig               |       |       |     1 ||     1
    Use: Scroll            |       |     9 |       ||     9
         Potion            |       |     2 |     1 ||     3
   Stab: Sleeping          |     3 |     7 |       ||    10
 Armour: Robe              |    27 |    77 |    52 ||   156
  Dodge: Dodged            |    25 |    59 |    44 ||   128
